 Dungeon Crawl Stone Soup version 0.29-a0-876-gfc89b1a5bd (webtiles) character file.

Game seed: 2638099169689415549

501 tilp the Grave Robber (level 6, -3/46 HPs)
             Began as a Mummy Necromancer on July 19, 2022.
             Slain by an ogre
             ... wielding a +0 giant spiked club
              (25 damage)
             ... on level 4 of the Dungeon.
             The game lasted 00:06:02 (3888 turns).

tilp the Grave Robber (Mummy Necromancer)           Turns: 3888, Time: 00:06:03

Health: -3/46      AC:  2    Str: 11    XL:     6   Next: 95%
Magic:  0/11       EV: 12    Int: 16    God:
Gold:   281        SH:  0    Dex: 13    Spells: 4/12 levels left

rFire   . . .      SeeInvis .   a - +7 falchion "Ecuox" {vorpal, rC+}
rCold   + + .      Faith    .   (no shield)
rNeg    + + +      Spirit   .   g - +0 robe
rPois   ∞          Reflect  .   (no helmet)
rElec   .          Harm     .   p - scarf {shadows}
rCorr   .          Rampage  .   (no gloves)
Will    .....                   (no boots)
Stlth   ++........              (no amulet)
HPRegen 0.15/turn               e - ring of protection from cold
MPRegen 0.12/turn               l - ring of fire

@: no status effects
A: cold resistance 1, negative energy resistance 3, torment resistance 2, heat
vulnerability 1, in touch with death 1, no potions
a: no special abilities


You were on level 4 of the Dungeon.
You visited 1 branch of the dungeon, and saw 4 of its levels.

You collected 281 gold pieces.

Inventory:

Hand Weapons
 a - the +7 falchion "Ecuox" (weapon) {vorpal, rC+}
   (You found it on level 2 of the Dungeon)

   It inflicts extra damage upon your enemies.
   rC:        It protects you from cold.
 b - a +1 short sword of speed
Missiles
 d - 26 poisoned darts (quivered)
 i - 28 stones
Armour
 g - a +0 robe (worn)
 j - a +3 ring mail
 k - a +2 chain mail of fire resistance
 p - a scarf of shadows (worn)
Jewellery
 c - a ring of see invisible
 e - a ring of protection from cold (left hand)
 l - a ring of fire (right hand)
Wands
 o - a wand of paralysis (4)
Scrolls
 f - a scroll of silence
 h - a scroll of teleportation
 m - a scroll of immolation {unknown}
 n - a scroll of fog {unknown}
 q - a scroll of identify


   Skills:
 * Level 2.9 Fighting
 * Level 2.7 Dodging
 - Level 2.0 Stealth
 + Level 3.5 Spellcasting
 * Level 6.4 Necromancy
 * Level 1.4 Evocations


You had 4 spell levels left.
You knew the following spells:

 Your Spells              Type           Power      Damage    Failure   Level
a - Necrotise             Necr           100%       1d9       1%          1
b - Vampiric Draining     Necr           35%        2d8       3%          3
c - Animate Dead          Necr           35%        N/A       13%         4

Your spell library contained the following spells:

 Spells                   Type           Power      Damage    Failure   Level
 Ozocubu's Armour         Ice            2%         N/A       47%         3
 Agony                    Necr           35%        N/A       34%         5
 Metabolic Englaciation   Hex/Ice        1%         N/A       99%         5
 Simulacrum               Ice/Necr       9%         N/A       100%        6


Dungeon Overview and Level Annotations

Branches:
Dungeon (4/15)
 Temple: D:4-7

Altars:

Shops:
D:1 [

Annotations:
D:4 exclusion: 2 doors


Innate Abilities, Weirdness & Mutations

You are immune to poison.
Your flesh is cold resistant. (rC+)
You are immune to negative energy. (rN+++)
You are immune to unholy pain and torment.
You are vulnerable to heat. (rF-)
You are in touch with the powers of death.
You do not drink.


Message History

You completely miss the ball python. The ball python closely misses you. x2
You slash the ball python!
You kill the ball python!
The phantom closely misses you.
You slash the phantom!
The phantom is moderately damaged.
The phantom hits you.
The phantom blinks!
You blink.
The phantom closely misses you.
You are too injured to fight recklessly!
You slash the phantom!
The phantom is severely damaged.
The phantom hits you.
You hit the phantom.
The phantom is almost destroyed.
The phantom closely misses you. x2
You barely miss the phantom.
The phantom is almost destroyed.
The phantom hits you.
The phantom blinks!
You blink.
Unknown command.
You barely miss the phantom.
The phantom is almost destroyed.
The phantom hits you.
* * * LOW HITPOINT WARNING * * *
The ogre shouts!
Unknown command.
You hit the phantom.
You destroy the phantom!
You hear a shout!
The ogre barely misses you.
Unknown command.
Casting: Vampiric Draining (dangerous; 3% risk of failure)
Confirm with . or Enter, or press ? or * to list all spells.
Aiming: Vampiric Draining (dangerous; 3% risk of failure)
Press: ? - help, Shift-Dir - straight line, f - ogre
Aim: an ogre, wielding a +0 giant spiked club You feel a surge of power!
You draw life force from the ogre!
You feel life coursing into your body.
The ogre hits you with a +0 giant spiked club!!
Ouch! That really hurt!
You die...

#.......+ #.......#
#.......# .....
#...[.... .....
#........ ... #
#........ ... .##
##........ ##'##....
.......... +..O#....
........<. #.@.'....
.........# #...#....
.........#...##...# ..
.........#...##...#
.........+..........
......>..#...$........
.........#.............
.........###'##...##..#
............§...... ...


You could see an ogre.

Vanquished Creatures
  An ice beast (D:4)
  A phantom (D:4)
  A necrophage (D:4)
  A hound (D:4)
  Jessica (D:2)
  Terence (D:3)
  Natasha (thrice) (D:2)
  5 adders
  An ufetubus (D:4)
  An orc (D:3)
  8 bats
  5 endoplasms
  2 giant cockroaches
  7 goblins
  6 hobgoblins
  2 jackals (D:3)
  10 ball pythons
  A frilled lizard (D:2)
  6 kobolds
  4 rats
67 creatures vanquished.

Vanquished Creatures (collateral kills)
  A giant cockroach (D:1)
1 creature vanquished.

Vanquished Creatures (others)
  4 toadstools (D:1)
4 creatures vanquished.

Grand Total: 72 creatures vanquished

Notes
Turn   | Place    | Note
-------+----------+-------------------------------------------
     0 | D:1      | tilp the Mummy Necromancer began the quest for the Orb.
     0 | D:1      | Reached XP level 1. HP: 13/13 MP: 4/4
   150 | D:1      | Found Xafiqot's Armour Shoppe.
   384 | D:1      | Reached XP level 2. HP: 20/20 MP: 0/5
   709 | D:1      | Reached skill level 1 in Fighting
  1203 | D:2      | Gained mutation: You are in touch with the powers of death.
                  | [Mummy growth]
  1203 | D:2      | Reached XP level 3. HP: 15/26 MP: 0/7
  1218 | D:2      | Learned a level 3 spell: Vampiric Draining
  1381 | D:2      | Noticed Natasha
  1390 | D:2      | Killed Natasha
  1391 | D:2      | Reached XP level 4. HP: 19/33 MP: 3/8
  1501 | D:2      | Noticed Natasha
  1544 | D:2      | Killed Natasha
  1574 | D:2      | Noticed Jessica
  1580 | D:2      | Killed Jessica
  1581 | D:2      | Reached skill level 5 in Necromancy
  1896 | D:2      | Reached XP level 5. HP: 38/38 MP: 5/9
  1978 | D:2      | Identified the +7 falchion "Ecuox" {vorpal, rC+}
  2145 | D:2      | Noticed Natasha
  2150 | D:2      | Killed Natasha
  2264 | D:2      | Learned a level 4 spell: Animate Dead
  2753 | D:3      | Noticed Terence
  2758 | D:3      | Killed Terence
  2759 | D:3      | Reached skill level 6 in Necromancy
  3195 | D:4      | Noticed an ogre
  3360 | D:4      | Reached XP level 6. HP: 30/46 MP: 10/10
  3868 | D:4      | Noticed an ice beast
  3878 | D:4      | Killed an ice beast
  3879 | D:4      | Reached skill level 1 in Evocations
  3888 | D:4      | Slain by an ogre

Illustrated notes

Levels and vault maps discovered:
D:1:      ldierk_walled_garden_2, layout_basic, serial_shops, shop_fountains
D:2:      layout_basic, minmay_pentomino_o4, uniq_jessica, uniq_natasha
D:3:      cheibrodos_helix_gallery, layout_basic, uniq_terence
D:4:      minmay_goblin_kobold_castle, layout_gridville, nrook_loot_triangle

Skill      XL: |  1  2  3  4  5  6 |
---------------+-------------------+-----
Fighting       | 1 2 |  2.9
Spellcasting   | 3 |  3.5
Dodging        | 2 |  2.7
Stealth        | 2 |  2.0
Necromancy     | 5 6 |  6.4
Evocations     | 1 |  1.4

Action                   |  1- 3 |  4- 6 || total
-------------------------+-------+-------++-------
Melee: Unarmed           |    17 |       ||    17
       Falchion          |       |    62 ||    62
Throw: Stone             |     1 |       ||     1
       Dart              |     8 |    15 ||    23
 Cast: Necrotise         |    43 |    21 ||    64
       Vampiric Draining |       |    10 ||    10
  Use: Scroll            |     1 |     2 ||     3
 Stab: Sleeping          |       |     5 ||     5
Armor: Robe              |     8 |    14 ||    22
Dodge: Dodged            |    27 |    62 ||    89

Table legend: (Time is in decaauts)
 A = Elapsed time spent in this place.
 B = Non-inter-level travel time spent in this place.
 C = Inter-level travel time spent in this place.
 D = Time resting spent in this place.
 E = Time spent auto-exploring this place.
 F = Levels seen in this place.
 G = Mean time per level.
                   A        B        C        D        E       F      G
               +--------+--------+--------+--------+--------+-----+--------+
         Total |   3907 |   3826 |     81 |    307 |   2993 |   4 |  976.8 |
       Dungeon |   3907 |   3826 |     81 |    307 |   2993 |   4 |  976.8 |
               +--------+--------+--------+--------+--------+-----+--------+

Top non-repeatable levels by time:
     D:2: 1229 daAuts
     D:1: 1048 daAuts
     D:3: 882 daAuts
     D:4: 746 daAuts
